 Dungeon Crawl Stone Soup version 0.31.0-9-g3a7656b989 (webtiles) character file.

Game seed: 2229818262697268603

116 qw the Skirmisher (level 4, -7/25 HPs)
             Began as a Deep Elf Hunter on Feb 2, 2024.
             Was an Initiate of Okawaru.
             Killed by divine providence
             ... invoked by an orc priest
              (14 damage)
             ... on level 3 of the Dungeon.
             The game lasted 00:00:07 (1813 turns).

qw the Skirmisher (Deep Elf Hunter)                 Turns: 1813, Time: 00:00:09

Health: -7/25      AC:  9    Str: 10    XL:     4   Next: 70%
Magic:  6/6        EV:  9    Int: 14    God:    Okawaru [......]
Gold:   96         SH:  0    Dex: 18    Spells: 3/3 levels left

rFire   . . .        a - +2 shortbow (drain)
rCold   . . .        (shield currently unavailable)
rNeg    . . .        g - +2 scale mail {Will+}
rPois   .            (no helmet)
rElec   .            h - +0 cloak
rCorr   .            (no gloves)
SInv    .            (no boots)
Will    +....        (no amulet)
Stlth   +            (no ring)
HPRegen 0.24/turn    (no ring)
MPRegen 0.10/turn

%: no passive effects
@: no status effects
A: no striking features
a: Renounce Religion


You were on level 3 of the Dungeon.
You worshipped Okawaru.
Okawaru was noncommittal.
You visited 1 branch of the dungeon, and saw 3 of its levels.

You collected 251 gold pieces.
You spent 155 gold pieces at shops.


   Skills:
 - Level 1.5 Fighting
 + Level 8.1 Ranged Weapons
 - Level 2.4 Dodging
 - Level 1.2 Stealth


You had 3 spell levels left.
You didn't know any spells.
Your spell library was empty.

Inventory:

Hand Weapons
 a - a +2 shortbow of draining (weapon)
Armour
 g - a +2 scale mail of willpower (worn)
 h - a +0 cloak (worn)
Jewellery
 i - an amulet of guardian spirit
Potions
 c - a potion of curing
 d - 2 potions of might
 e - a potion of enlightenment
 f - a potion of mutation {unknown}

Dungeon Overview and Level Annotations

Branches:
Dungeon (3/15)

Altars:
Okawaru

Shops:
D:1 *   D:3 ?


Message History

The orc shouts!
You hear a shout!
The orc priest calls down the wrath of Beogh upon you.
Beogh smites you!
1809 ||| DRINKING potion of heal wounds.
You feel much better. The orc hits you with a +0 flail.
You shoot an arrow. The arrow completely misses the orc.
The orc barely misses you.
An orc comes into view. It is wielding a +0 club.
The orc hits you but does no damage. The orc priest barely misses you.
The orc hits you with a +0 flail.
Enter note:
Enter note:
Enter note:
Enter note:
Enter note:
Enter note:
Enter note:
Enter note:
Enter note:
Enter note:
1811 ||| RETREEEEATING.
The orc attacks as it pursues you! The orc barely misses you.
Enter note:
Enter note:
Enter note:
Enter note:
Enter note:
Enter note:
Enter note:
1812 ||| RETREEEEATING.
You shoot an arrow. The arrow closely misses the orc.
The arrow hits the orc!
You kill the orc!
Okawaru accepts your kill. The orc hits you with a +0 flail.
The orc priest invokes the aid of Beogh against you.
Beogh smites you!
Ouch! That really hurt!
You die...

## ... .o.. #######....#
#...o......# #.#)..o...#
#########.#o####...#
.........#@# #. #
#....#....# #. #....+....#
#.######
#....#....#####.#....###+#
#...............+.........
##.####.#.###.#.#.........
#>....#.#.# #.............
# #.###.#.#.#
#........(....
#.##.###.#.#.#
#....####.....


You could see an orc priest and an orc.

Vanquished Creatures
  Jessica (D:2)
  An adder (D:2)
  An ufetubus (D:3)
  A ribbon worm (D:3)
  6 dart slugs
  2 orcs (D:3)
  5 bats
  4 endoplasms
  3 giant cockroaches
  2 goblins
  3 hobgoblins
  2 jackals (D:1)
  3 quokkas
  5 ball pythons
  7 frilled lizards
  8 kobolds
  7 rats
61 creatures vanquished.

Notes
Turn   | Place    | Note
-------+----------+-------------------------------------------
     0 | D:1      | qw the Deep Elf Hunter began the quest for the Orb.
     0 | D:1      | Reached XP level 1. HP: 12/12 MP: 3/3
     0 | D:1      | 0 ||| qw: Version: 0.3-a-155-g5e7d8dd
     0 | D:1      | 0 ||| qw: Game counter: 1257
     0 | D:1      | 0 ||| qw: Melee chars always use a shield: true
     0 | D:1      | 0 ||| qw: God list: Okawaru
     0 | D:1      | 0 ||| qw: Allow faded altars: false
     0 | D:1      | 0 ||| qw: Do Orc after clearing Dungeon:15 true
     0 | D:1      | 0 ||| qw: Do second Lair branch before Depths: true
     0 | D:1      | 0 ||| qw: Lair rune preference: random
     0 | D:1      | 0 ||| qw: Goals: Normal
     0 | D:1      | 0 ||| PLANNING D:1-11
    50 | D:1      | Found Qocvios's Assorted Antiques.
    63 | D:1      | 63 ||| SHOPLISTING fuming red potion (24 gold, have 13).
    63 | D:1      | 63 ||| SHOPLISTING golden potion (24 gold, have 13).
    63 | D:1      | 63 ||| SHOPLISTING pair of gloves (121 gold, have 13).
    63 | D:1      | 63 ||| SHOPLISTING scroll labelled GAJAER XOUZXIGG (27
                  | gold, have 13).
    63 | D:1      | 63 ||| SHOPLISTING scroll labelled HEGGUS WES HID (27 gold,
                  | have 13).
    63 | D:1      | 63 ||| SHOPLISTING scroll labelled ONKURI KA VEA (27 gold,
                  | have 13).
   112 | D:1      | Reached skill level 6 in Ranged Weapons
   112 | D:1      | Reached XP level 2. HP: 16/16 MP: 4/4
   459 | D:1      | Reached XP level 3. HP: 20/20 MP: 5/5
   594 | D:1      | 594 ||| UPGRADING to +0 ring mail.
   604 | D:1      | 604 ||| DROPPING +0 leather armour.
   605 | D:1      | 605 ||| READING scroll labelled XIROGR PICY.
   605 | D:1      | 605 ||| ENCHANTING +0 shortbow.
   606 | D:1      | 606 ||| READING scroll labelled DEGUIXKENEF.
   610 | D:1      | 610 ||| READING scroll labelled POACUNN XAFI.
   611 | D:1      | 611 ||| READING scroll labelled ONKURI KA VEA.
   612 | D:1      | 612 ||| READING 2 scrolls labelled AGIHALAHO GUNU.
   612 | D:1      | 612 ||| IDENTIFYING metallic silvery potion
   613 | D:1      | 613 ||| DROPPING scroll of butterflies.
   615 | D:1      | 615 ||| Stepping ~*~*~tactically~*~*~ (cloud).
   621 | D:1      | HP: 5/20 [poisoned by you (poison gas)]
   717 | D:2      | Reached skill level 7 in Ranged Weapons
  1133 | D:2      | Noticed Jessica
  1136 | D:2      | Killed Jessica
  1137 | D:2      | Reached XP level 4. HP: 25/25 MP: 6/6
  1205 | D:2      | 1205 ||| UPGRADING to +2 scale mail of willpower.
  1215 | D:2      | 1215 ||| DROPPING +0 ring mail.
  1216 | D:2      | 1216 ||| READING 2 scrolls of identify.
  1216 | D:2      | 1216 ||| IDENTIFYING emerald potion
  1217 | D:2      | 1217 ||| READING scroll of identify.
  1217 | D:2      | 1217 ||| IDENTIFYING golden potion
  1218 | D:2      | 1218 ||| DROPPING potion of attraction.
  1402 | D:3      | 1402 ||| READING scroll of enchant weapon.
  1402 | D:3      | 1402 ||| ENCHANTING +1 shortbow.
  1423 | D:3      | Reached skill level 8 in Ranged Weapons
  1472 | D:3      | 1472 ||| FLEEEEING.
  1555 | D:3      | Found Nec Neul's Magic Scroll Boutique.
  1561 | D:3      | 1561 ||| BUYING scroll of brand weapon (95 gold).
  1561 | D:3      | Bought a scroll of brand weapon for 95 gold pieces
  1561 | D:3      | 1561 ||| BUYING scroll of identify (20 gold).
  1561 | D:3      | Bought a scroll of identify for 20 gold pieces
  1561 | D:3      | 1561 ||| BUYING scroll of identify (20 gold).
  1561 | D:3      | Bought a scroll of identify for 20 gold pieces
  1561 | D:3      | 1561 ||| BUYING scroll of identify (20 gold).
  1561 | D:3      | Bought a scroll of identify for 20 gold pieces
  1561 | D:3      | 1561 ||| SHOPLISTING scroll of identify (20 gold, have 0).
  1561 | D:3      | 1561 ||| READING scroll of brand weapon.
  1561 | D:3      | 1561 ||| BRANDING +2 shortbow.
  1691 | D:3      | Found an iron altar of Okawaru.
  1692 | D:3      | 1692 ||| PLANNING OKAWARU WORSHIP
  1692 | D:3      | 1692 ||| UPGRADING to +0 cloak.
  1697 | D:3      | 1697 ||| READING 4 scrolls of identify.
  1697 | D:3      | 1697 ||| IDENTIFYING sapphire potion
  1698 | D:3      | 1698 ||| READING 3 scrolls of identify.
  1698 | D:3      | 1698 ||| IDENTIFYING fizzy ruby potion
  1699 | D:3      | 1699 ||| READING 2 scrolls of identify.
  1699 | D:3      | 1699 ||| IDENTIFYING sedimented golden potion
  1700 | D:3      | 1700 ||| READING scroll of identify.
  1700 | D:3      | 1700 ||| IDENTIFYING scroll labelled PIBOZX HAPLERU
  1701 | D:3      | 1701 ||| DROPPING potion of degeneration.
  1702 | D:3      | 1702 ||| DROPPING scroll of immolation.
  1714 | D:3      | Became a worshipper of Warmaster Okawaru
  1715 | D:3      | 1715 ||| PLANNING D:1-11
  1808 | D:3      | HP: 2/25 [orc priest/divine providence (11)]
  1809 | D:3      | 1809 ||| DRINKING potion of heal wounds.
  1811 | D:3      | 1811 ||| RETREEEEATING.
  1812 | D:3      | 1812 ||| RETREEEEATING.
  1813 | D:3      | Killed from afar by an orc priest

Levels and vault maps discovered:
D:1:      dpeg_arrival_simpleton_c, layout_loops_cross, serial_shops, shop
D:2:      layout_rooms, uniq_jessica
D:3:      layout_basic, amcnicky_altar_gilded, trog_book, serial_shops,
          nicolae_shop_rolling_square, minmay_joined_circles

Skill      XL: |  1  2  3  4 |
---------------+-------------+-----
Ranged Weapons | 6 7 8 |  8.1
Fighting       | |  1.5
Dodging        | |  2.4
Stealth        | |  1.2

Action                     |  1- 3 |  4- 6 || total
---------------------------+-------+-------++-------
   Fire: Shortbow          |    89 |    57 ||   146
    Use: Scroll            |     5 |     8 ||    13
         Potion            |       |     1 ||     1
 Armour: Leather armour    |    13 |       ||    13
         Scale mail        |       |    27 ||    27
  Dodge: Dodged            |    19 |    23 ||    42

Table legend:
 A = Non-vault XP
 B = Vault XP
 C = Vault XP percentage of total XP
 D = Non-vault monster count
 E = Vault monster count
 F = Vault count percentage of total count
                 A         B        C        D         E       F
            +---------+---------+-------+---------+---------+-------
      Total |      99 |      71 |  41.8 |      48 |      13 |  21.3
            +---------+---------+-------+---------+---------+-------
        D:1 |      49 |       0 |   0.0 |      27 |       0 |   0.0
        D:2 |      34 |      37 |  52.1 |      13 |       1 |   7.1
        D:3 |      16 |      34 |  68.0 |       8 |      12 |  60.0
            +---------+---------+-------+---------+---------+-------
